[Event "15th Arad Open 2022"]
[Site "Arad"]
[Date "2022.08.12"]
[Round "7.13"]
[White "Batagan, Ilinca-Petra"]
[Black "Magold, Victor"]
[Result "1/2-1/2"]
[ECO "E57"]
[WhiteElo "1932"]
[BlackElo "2074"]
[Annotator "TA"]
[PlyCount "110"]
[EventDate "2022.08.08"]
[EventType "swiss"]
[EventCountry "ROU"]
[SourceTitle "playchess.com"]
[Source "ChessBase"]
[SourceQuality "1"]
[TimeControl "5400+30"]

1. e4 c6 2. d4 d5 3. exd5 cxd5 4. c4 Nf6 5. Nc3 e6 6. Nf3 Nc6 7. Bg5 dxc4 8. Bxc4 Be7 9. O-O O-O 10. Qd2 {[%emt 0:05:10] E57: Nimzo-Indian: Rubinstein: Main Line: 7...Nc6 8 a3 dxc4 9 Bxc4 cxd4.} b6 11. Rfd1 Bb7 {[%emt 0:01:12] [#]} 12. Ne5 $146 {[%emt 0:01:12][%cal Oc4a6] The position is equal.} ({Predecessor:} 12. Qe2 Nb4 13. Ne5 Nbd5 14. Ba6 Qc8 15. Bxb7 Qxb7 16. Rac1 Rac8 17. Qf3 Rfe8 {0-1 (81) Rezzuti,V (1930)-Zaika,D (2101) Fano 2017}) 12... Nd5 13. Nxc6 Bxc6 14. Bxe7 Nxe7 15. d5 exd5 16. Nxd5 Ng6 17. Nb4 Qxd2 18. Rxd2 Rac8 {[%emt 0:00:09][%mdl 8192] [#] White now steadily converts the win.} (18... Bb7 $11) 19. Ba6 $1 $18 Be4 20. Bxc8 Rxc8 21. Rad1 Nf8 22. Rd8 Rc7 23. Nd5 Bxd5 24. R1xd5 {[%emt 0:00:39][%mdl 4096] Endgame KRR-KRN} ({Much less strong is} 24. R8xd5 g6 25. f3 Kg7 $18) 24... g6 25. g3 Kg7 26. Kg2 Rc2 27. Rd2 Rc5 28. a3 h5 29. h4 a5 (29... Rc7 $142 30. R8d5 Rc4) 30. R8d5 Rc7 31. Rb5 Nd7 32. Rd6 Kf8 33. Kf3 Ke7 34. Rd2 Rc6 35. Rbd5 Nf6 36. Re5+ Kf8 37. Ree2 Ng4 38. Rc2 Rd6 39. Red2 Re6 40. b4 axb4 41. axb4 Ne5+ 42. Kg2 Nc6 43. b5 Ne7 (43... Ne5 {is a better defense.} 44. Rc8+ Kg7) 44. Re2 Rf6 45. Re5 {[%emt 0:00:00] [#] Hoping for Rc7.} Nf5 46. Rc6 Kg7 47. Rxf6 Kxf6 {[%emt 0:00:00] KR-KN} 48. Re8 Ne7 49. Rb8 Nd5 50. Re8 $2 (50. Rb7 $18 Ke6 51. Kf3) 50... Nc7 $2 (50... Ne7 $11 51. f4 Ke6) 51. Rc8 {White is clearly winning.} Nxb5 52. Rc6+ Ke5 53. Rxb6 Nd4 54. Ra6 Ne6 55. Kf3 {Ra5+ is the strong threat.} Nd4+ {[%emt 0:00:00][%mdl 32768] Weighted Error Value: White=0.30/Black=0.40. An unexpected result.} 1/2-1/2

[Event "15th Arad Open 2022"]
[Site "Arad"]
[Date "2022.08.12"]
[Round "7.14"]
[White "Pauwels, Xander"]
[Black "Panc, Samuel"]
[Result "1/2-1/2"]
[ECO "A80"]
[WhiteElo "2040"]
[BlackElo "1927"]
[Annotator "TA"]
[PlyCount "78"]
[EventDate "2022.08.08"]
[EventType "swiss"]
[EventCountry "ROU"]
[SourceTitle "playchess.com"]
[Source "ChessBase"]
[SourceQuality "1"]
[TimeControl "5400+30"]

1. d4 f5 2. Nc3 Nf6 3. Bg5 d5 4. Bxf6 exf6 5. e3 c6 6. Bd3 Be6 7. Qf3 g6 8. Nge2 Nd7 9. h3 {[%emt 0:02:30] A80: Dutch Defence: Unusual White second moves.} Bb4 10. g4 fxg4 11. hxg4 {[%emt 0:00:04] [#] And now Bxg6+ would win.} Bf7 12. O-O-O Qe7 13. Rh6 O-O-O {[%emt 0:00:11] [#]} 14. Rdh1 $146 ({Predecessor:} 14. Kb1 Nf8 15. e4 Rg8 16. exd5 cxd5 17. a3 Ba5 18. Rhh1 Rg7 19. Bb5 Bg8 20. Ba4 {0-1 (52) Meszaros,G (2345)-Poulsen,M (2252) Paks 2003}) 14... Nf8 15. Kb1 Rg8 16. a3 Bxc3 17. Nxc3 Rg7 18. Qg3 Be6 19. Re1 {[%emt 0:03:30] White is much more active.} Qd6 20. Qxd6 Rxd6 21. f3 Re7 22. Kc1 Bg8 23. Kd2 Kd8 24. f4 Ke8 25. f5 Kf7 26. Rh3 g5 27. Ne2 ({Better is} 27. e4 $16) 27... Kg7 28. Ng3 Bf7 29. c3 Rd8 30. Rh2 Rde8 31. Rhe2 (31. a4 {is interesting.} Nd7 32. a5 b6 33. Reh1) 31... Nd7 32. e4 dxe4 (32... Kf8 $142) 33. Rxe4 (33. Nxe4 $16 Nb8 34. Nd6 Rxe2+ 35. Bxe2 (35. Rxe2 Rxe2+ 36. Kxe2 b5 $16)) 33... Rxe4 $14 34. Nxe4 h5 35. gxh5 Bxh5 36. Nd6 Rxe1 37. Kxe1 b6 38. Be4 c5 39. Nc8 Nb8 {Weighted Error Value: White=0.13 (very precise) /Black=0.13 (very precise)} (39... a6 $14) 1/2-1/2

[Event "15th Arad Open 2022"]
[Site "Arad"]
[Date "2022.08.12"]
[Round "7.15"]
[White "Veneteanu, Mihai"]
[Black "Tablan, Andrei-Damian"]
[Result "1-0"]
[ECO "B12"]
[WhiteElo "2025"]
[BlackElo "1784"]
[Annotator "TA"]
[PlyCount "111"]
[EventDate "2022.08.08"]
[EventType "swiss"]
[EventCountry "ROU"]
[SourceTitle "playchess.com"]
[Source "ChessBase"]
[SourceQuality "1"]
[TimeControl "5400+30"]

1. e4 c6 2. d4 d5 3. e5 Bf5 4. Nd2 e6 5. Nb3 Nd7 6. Nf3 Ne7 {[%emt 0:01:16] B12: Caro-Kann: Advance Variation.} 7. Be2 Qc7 8. O-O c5 {[%emt 0:01:15] White is slightly better.} 9. dxc5 {[%emt 0:00:02] [#]} Bg4 $146 ({Predecessor:} 9... Nc6 10. Nbd4 Nxd4 11. Nxd4 Be4 12. b4 a5 13. c3 Be7 14. f3 Bg6 15. f4 O-O {1-0 (37) Sturt,R (2494)-Kowalski,I (2322) Banja Vrujci 2021}) 10. Nbd4 {[%emt 0:25:28] [#] And now Nb5 would win.} a6 {[%emt 0:05:15] Prevents Nb5.} 11. b4 $1 Bxf3 12. Bxf3 Nxe5 (12... Ng6 $14) 13. Bf4 N7g6 14. Bg3 Nxf3+ 15. Qxf3 (15. gxf3 Nf4) (15. gxf3 $6 Nf4 $11) 15... Qd7 16. Rad1 Be7 17. c4 O-O 18. cxd5 Qxd5 19. Qxd5 exd5 20. Nf5 Rfd8 21. Rfe1 Bf6 22. Rd3 {[%emt 0:16:36] Prevents Bc3.} ({Don't play} 22. Nd6 Bc3 $16) 22... Rd7 23. Bd6 Rad8 24. Kf1 h6 25. g3 d4 26. a3 {[%emt 0:00:00] White is much more active.} Kh7 27. f4 Nf8 28. Nxd4 Bxd4 29. Rxd4 Ne6 30. Rde4 Nc7 (30... g6 {might work better.} 31. R1e2 b6) 31. Bxc7 $18 Rxc7 {[%emt 0:00:05][%mdl 4096] Endgame KRR-KRR} 32. Re7 Rdd7 {[%emt 0:00:06] [#]} 33. Rxd7 Rxd7 {[%emt 0:00:04] KR-KR} 34. Ke2 Kg6 35. Rd1 Rxd1 (35... Re7+ 36. Kf3 Rc7 37. Rd6+ f6) 36. Kxd1 {[%emt 0:00:00] KP-KP} Kf5 37. Kc2 Ke4 38. Kc3 f5 39. h4 Kd5 40. Kd3 h5 41. Kc3 {[%emt 0:00:00] a4 is the strong threat.} g6 42. Kd3 {[%emt 0:00:00] White mates.} a5 43. Kc3 axb4+ 44. axb4 Ke4 45. Kc4 Kf3 46. b5 Kxg3 47. c6 bxc6 48. bxc6 Kxf4 {[%emt 0:00:00] K3P-KPP} 49. c7 Kg4 50. c8=Q Kxh4 51. Kd3 Kg4 52. Ke2 h4 53. Kf2 g5 54. Qc4+ f4 55. Qe6+ Kh5 56. Kf3 {[%emt 0:00:00] Weighted Error Value: White=0.04 (flawless) /Black=0.27 (precise)} 1-0

[Event "15th Arad Open 2022"]
[Site "Arad"]
[Date "2022.08.12"]
[Round "7.16"]
[White "Ciocani, Iosif"]
[Black "Balaban-Voia, Alexandru"]
[Result "1/2-1/2"]
[ECO "B09"]
[WhiteElo "2012"]
[BlackElo "1869"]
[Annotator "TA"]
[PlyCount "70"]
[EventDate "2022.08.08"]
[EventType "swiss"]
[EventCountry "ROU"]
[SourceTitle "playchess.com"]
[Source "ChessBase"]
[SourceQuality "1"]
[TimeControl "5400+30"]

1. e4 g6 2. d4 Bg7 3. Nc3 d6 4. f4 Nf6 5. Nf3 c5 6. Bb5+ Bd7 7. e5 Ng4 8. Bxd7+ Qxd7 ({Don't play} 8... Nxd7 9. e6 fxe6 10. Ng5 $16) 9. h3 {[%emt 0:01:31] B09: Pirc Defence: Austrian Attack.} cxd4 10. Qxd4 Nh6 11. Qf2 $1 {[%emt 0:15:40] White is slightly better. 11.Qf2 is better than 11.g4.} Nc6 12. O-O (12. Bd2 $14) 12... O-O $11 {[%emt 0:04:39] [#]} 13. Rd1 $146 ({Predecessor:} 13. Re1 Rad8 14. Be3 Nf5 15. Bxa7 Nxa7 16. Qxa7 dxe5 17. fxe5 Qc6 18. Qf2 h5 19. Re4 Rd7 20. Rae1 e6 21. Nd4 {½-½ (21) Mikhalchishin,A (2520)-Van Wely,L (2475) Kecskemet 1991}) 13... Rfd8 14. exd6 Nf5 15. Ne4 Nxd6 16. Nxd6 Qc7 {[%emt 0:07:17][%mdl 64] [#] Pin} 17. Be3 {[%emt 0:01:53] Hoping for Nb5.} Rxd6 18. c3 b6 19. Rd2 Rad8 20. Rad1 Rxd2 (20... h5 {keeps more tension.} 21. Ng5 Rxd2 22. Rxd2 Qc8) 21. Rxd2 Rxd2 22. Qxd2 e6 23. c4 e5 24. g3 exf4 25. Bxf4 {[%emt 0:00:18] The position is equal.} Ne5 26. Nxe5 Bxe5 27. Bxe5 Qxe5 {[%emt 0:00:05][%mdl 4096] Endgame KQ-KQ} 28. Kh2 h5 29. h4 Qc5 30. b3 a5 31. Kg2 a4 32. bxa4 Qxc4 33. a5 bxa5 34. Qxa5 Qe2+ 35. Kg1 Qe3+ {[%emt 0:00:09] Weighted Error Value: White=0.10 (very precise) /Black=0.06 (flawless)} 1/2-1/2

[Event "15th Arad Open 2022"]
[Site "Arad"]
[Date "2022.08.12"]
[Round "7.17"]
[White "Oltean, Cristian-Daniel"]
[Black "Tudor, Henry Edward"]
[Result "1/2-1/2"]
[ECO "B40"]
[WhiteElo "2158"]
[BlackElo "1984"]
[Annotator "TA"]
[PlyCount "55"]
[EventDate "2022.08.08"]
[EventType "swiss"]
[EventCountry "ROU"]
[SourceTitle "playchess.com"]
[Source "ChessBase"]
[SourceQuality "1"]
[TimeControl "5400+30"]

1. e4 c5 2. Nf3 e6 3. b3 a6 4. Bb2 d5 5. exd5 exd5 6. d4 {[%emt 0:09:26] B40: Sicilian: 2...e6, Unusual lines.} Nf6 7. Bd3 Be7 8. O-O O-O 9. dxc5 Bxc5 10. Nbd2 Bg4 {[%emt 0:01:02] [#]} 11. h3 $146 ({Predecessor:} 11. c3 Nc6 12. Qc2 Qb6 13. a3 Rac8 14. c4 Nd4 15. Nxd4 Bxd4 16. b4 dxc4 17. Nxc4 {0-1 (34) Zaronikas,D (1884)-Grigoriadis,A (2189) Nikaia 2017}) 11... Bh5 12. Re1 Nbd7 13. g4 Bg6 14. Bxg6 hxg6 15. Ne5 Qb6 16. Nd3 Bd6 17. Qf3 Rfd8 18. c4 Qc6 (18... Qa5 $1 $14 19. Rad1 Re8) 19. Rac1 (19. g5 $16 Ne4 20. Nxe4 dxe4 21. Qxe4 (21. Rxe4 Nc5 $14)) 19... Bb8 (19... Rac8 $11) 20. cxd5 {[%emt 0:01:44] White is more active.} ({Better is} 20. c5 $16) 20... Qxd5 $11 {[%emt 0:00:17] The position is equal.} 21. Qxd5 Nxd5 22. Ne4 Nf4 23. Nxf4 Bxf4 24. Rc4 Ne5 25. Bxe5 Bxe5 26. Nc5 f6 27. Nxb7 Rd2 28. a4 {[%emt 0:01:25] Weighted Error Value: White=0.14 (very precise) /Black=0.14 (very precise)} 1/2-1/2

[Event "15th Arad Open 2022"]
[Site "Arad"]
[Date "2022.08.12"]
[Round "7.18"]
[White "Iuga, Ioan-Alexandru"]
[Black "Moerman, Thomas"]
[Result "0-1"]
[ECO "C01"]
[WhiteElo "1848"]
[BlackElo "2026"]
[Annotator "TA"]
[PlyCount "72"]
[EventDate "2022.08.08"]
[EventType "swiss"]
[EventCountry "ROU"]
[SourceTitle "playchess.com"]
[Source "ChessBase"]
[SourceQuality "1"]
[TimeControl "5400+30"]

1. e4 e6 2. d4 d5 3. exd5 exd5 4. Nf3 Bd6 5. Bd3 Nc6 6. c3 Nge7 7. Bg5 Bg4 8. Nbd2 {[%emt 0:04:46][%cal Bb1d2,Bd2b3,Bb3c5,Bc5d3][%mdl 32] C01: French: Exchange Variation.} Qd7 9. Qc2 f6 10. Be3 {[%emt 0:04:46] The position is equal.} Bf5 11. Nb3 O-O-O 12. O-O-O {[%emt 0:04:36] [#]} Kb8 $146 ({Predecessor:} 12... Bxd3 13. Qxd3 Qf5 14. Qe2 Rhe8 15. Nfd2 Ng6 16. g3 Nf8 17. Rhe1 Nd7 18. Na1 Nb6 {0-1 (52) Petruska,M (1912)-Khamidov,K (2056) Brno 2011}) 13. Kb1 h5 14. Rhe1 g5 15. Nc5 Qc8 16. h3 g4 17. Nh4 Bxd3 18. Nxd3 gxh3 19. gxh3 Qxh3 20. Rh1 Qg4 21. f3 Qc8 22. Nf4 Bxf4 23. Bxf4 Rdg8 24. Rdg1 Rxg1+ 25. Rxg1 Qh3 26. Qh2 $1 Qxh2 27. Bxh2 Rg8 {[%emt 0:00:13] Against Rg7} 28. Rxg8+ Nxg8 $11 {[%emt 0:00:45][%mdl 4096] Endgame KBN-KNN} 29. Nf5 Nce7 30. Ng7 h4 31. Kc2 Kc8 32. Kd3 Kd7 {[%emt 0:02:41] Against Ne8} 33. Ke3 Ng6 34. f4 (34. Kf2 $15) 34... Nh6 $17 35. Kf3 {[%emt 0:00:28][%mdl 8192] [#] Prevents Ng4.} (35. f5 $17 Ne7 36. Kf4) 35... f5 $1 $19 36. Bg1 Ke7 {[%emt 0:01:00] Weighted Error Value: White=0.33/Black=0.05 (flawless)} 0-1

[Event "15th Arad Open 2022"]
[Site "Arad"]
[Date "2022.08.12"]
[Round "7.19"]
[White "Chima, Radu-Niculin"]
[Black "Muranyi, Erich"]
[Result "1-0"]
[ECO "B85"]
[WhiteElo "2005"]
[BlackElo "1867"]
[Annotator "TA"]
[PlyCount "83"]
[EventDate "2022.08.08"]
[EventType "swiss"]
[EventCountry "ROU"]
[SourceTitle "playchess.com"]
[Source "ChessBase"]
[SourceQuality "1"]
[TimeControl "5400+30"]

1. e4 c5 2. Nf3 Nc6 3. d4 cxd4 4. Nxd4 Nf6 5. Nc3 d6 6. Be2 e6 7. O-O Be7 8. Be3 O-O 9. Kh1 Qc7 10. f4 a6 11. Bf3 Na5 12. Qd3 {[%emt 0:01:46] B85: Sicilian Scheveningen: 6 Be2 a6, lines with early Be3.} Nc4 13. Bc1 e5 14. Nde2 {[%emt 0:05:24] The position is equal.} b5 15. b3 Nb6 {[%emt 0:02:00] [#]} 16. a4 $146 ({Predecessor:} 16. Be3 Bb7 17. Rac1 Rfe8 18. Ng3 Rac8 19. Nd5 Nbxd5 20. exd5 Qc3 21. Qxc3 Rxc3 22. Bd2 {½-½ (65) Klundt,K (2375)-Jansa,V (2480) Passau 1998}) 16... b4 17. a5 Nbd7 18. Nd5 Nxd5 19. Qxd5 Bb7 20. Qd2 Nf6 21. fxe5 dxe5 22. Ng3 Rfd8 23. Qe2 Rac8 24. Nf5 Bf8 (24... h6 $142) 25. Ra2 (25. Bg5 $11 {keeps the balance.}) 25... Qd7 26. Bg5 {[%emt 0:02:44][%cal Of5h6,Bc1g5,Bg5d8,Bd8b6][%mdl 32] Black must now prevent Nh6+!} Qe6 (26... Rc6 $15) 27. Ne3 (27. Ng3 $11) 27... Rc5 (27... Bxe4 $15 28. Bxf6 Bxf3 29. Qxf3 Qxf6 30. Qxf6 gxf6) 28. Nd5 {[%emt 0:02:52] [#]} (28. Bxf6 $16 gxf6 29. Nd5) 28... Bxd5 (28... Nxd5 $1 $15 {keeps the upper hand.} 29. exd5 Rdxd5 30. Bxd5 Bxd5) 29. exd5 $16 Nxd5 30. Bg4 $2 {[%emt 0:06:49] A strong pair of Bishops.} ({White has to play} 30. Bxd8 $18 Nc3 31. Qf2 $1 (31. Bg4 Qd5 $16) 31... Nxa2 32. Bb6) 30... Qg6 $2 31. Bxd8 $18 {[%emt 0:01:33] Threatens to win with Bh5.} Nc3 {[%emt 0:00:08] [#]} 32. Bh5 (32. Qf2 $1 $18) 32... Nxe2 $16 33. Bxg6 hxg6 34. c4 $36 {[%emt 0:01:05][%cal Bc2c4,Bc4c5][%mdl 2080] Black is under strong pressure.} Nc3 (34... Nd4 $16) 35. Rd2 $18 e4 $2 (35... Ne4 36. Rd7 Rc6) 36. Bb6 Re5 37. Rd8 f5 38. c5 {[%emt 0:03:46] c6 is the strong threat.} Kf7 $2 (38... Re6 39. Ra8 Rc6) 39. c6 {[%emt 0:00:20] And now c7 would win. White is clearly winning.} Nb5 40. c7 Nxc7 41. Bxc7 Rc5 {[%emt 0:00:00] [#]} 42. Rxf8+ $1 {[%emt 0:00:00] Weighted Error Value: White=0.40/Black=0.68} 1-0

[Event "15th Arad Open 2022"]
[Site "Arad"]
[Date "2022.08.12"]
[Round "7.20"]
[White "Samu, Sorin-Mihai"]
[Black "Kiraly, Lilla Virag"]
[Result "1-0"]
[ECO "E17"]
[WhiteElo "1952"]
[BlackElo "1787"]
[Annotator "TA"]
[PlyCount "119"]
[EventDate "2022.08.08"]
[EventType "swiss"]
[EventCountry "ROU"]
[SourceTitle "playchess.com"]
[Source "ChessBase"]
[SourceQuality "1"]
[TimeControl "5400+30"]

1. d4 Nf6 2. c4 e6 3. Nf3 b6 4. g3 Ba6 5. Qc2 Bb7 6. Bg2 c5 7. O-O Nc6 8. dxc5 Bxc5 9. Nc3 O-O 10. a3 {[%emt 0:00:19] E17: Queen's Indian: 4 g3 Bb7 5 Bg2 Be7.} a5 {[%emt 0:08:25] [#]} 11. Na4 $146 ({Predecessor:} 11. Bf4 h6 12. Rad1 Qe7 13. Nb5 Ne8 14. Rd2 g5 15. Be5 Nxe5 16. Nxe5 Bxg2 17. Kxg2 d6 {1-0 (72) Stephan,V (2439)-Cornette,D (2400) Europe Echecs INT 2020}) 11... d6 12. Rd1 {[%emt 0:02:09] White is slightly better.} Qe7 13. Qb3 Rab8 14. Bg5 (14. Nxb6 Ba6 15. Qc2 Rxb6) (14. Nxb6 $2 Ba6 15. Qc2 Rxb6 $19) 14... Ba6 15. Rd2 (15. Qc3) (15. Qc3 $14) 15... h6 (15... Bxf2+ 16. Kxf2 Ne4+ 17. Ke1 Nxg5 18. Nxg5 Ne5) (15... Bxf2+ $5 16. Kxf2 Ne4+ 17. Ke1 Nxg5 18. Nxg5 Ne5 $11) 16. Bxf6 Qxf6 17. Rad1 (17. e3 $11 {keeps the balance.}) 17... Rfd8 $2 (17... Ne5 $17 {aiming for ...Rfc8.} 18. Nxe5 Qxf2+ 19. Kh1 dxe5) 18. Nc3 $14 Qe7 19. e3 Na7 20. Nd4 {[%emt 0:00:28] Against b5} Bxd4 21. Rxd4 Qc7 (21... b5 $11) 22. Nb5 {[%emt 0:00:39] White is much more active. The black rooks are badly placed.} Nxb5 23. cxb5 Bb7 24. Bxb7 Rxb7 25. Rc4 $36 {[%emt 0:00:20][%mdl 2048] White fights for an advantage.} Qe7 26. e4 Qf6 (26... d5 $14 27. exd5 exd5) 27. Rc6 ({Better is} 27. Qc3 $16) 27... Qe5 $11 28. f3 Rbb8 29. a4 (29. Rd2 {looks sharper.} d5 30. Qd1 Rdc8 31. exd5 exd5 32. Rxd5 Qxb2 33. a4) 29... g6 (29... d5 $11) 30. Qc3 $1 $16 Qxc3 31. bxc3 {[%emt 0:00:32][%mdl 4096] Endgame KRR-KRR} (31. Rxc3 $6 Kf8 $14) 31... d5 32. exd5 exd5 33. Kf2 $1 Kg7 34. Ke3 $1 Rbc8 (34... Re8+ $16 {is a better defense.} 35. Kd3 Re6) 35. c4 $1 $18 (35. Rxb6 Rxc3+ 36. Rd3 d4+ 37. Kd2 Rc4 $11) 35... dxc4 (35... d4+ {keeps fighting.} 36. Rxd4 Re8+ 37. Kd3 Rxc6 38. bxc6 Re6) 36. Rxd8 Rxd8 37. Rxc4 {[%emt 0:02:04] KR-KR} (37. Rxb6 Rd3+ 38. Ke4 Ra3 $16) 37... Rd1 38. Ke4 $1 h5 (38... Kf8 $142 39. Ke5 Rd3) 39. Rd4 Rc1 40. Kd5 (40. Rd6 $18 {and White stays clearly on top.}) 40... Rc3 $2 (40... Rc8 $16 {is a better chance.}) 41. f4 Kf6 42. Kd6 $1 Rc2 43. h3 Rc3 44. g4 $2 (44. Kd7 $18) 44... h4 $1 $11 ({Don't take} 44... Rxh3 45. gxh5 gxh5 46. Kc6 $16) 45. Kd7 Kg7 $2 {[%emt 0:00:00][%mdl 8192] [#]} (45... Rxh3 $11 46. Rd6+ Kg7) 46. Re4 $2 ({Less strong is} 46. Rd6 Rxh3 47. Kc6 Re3 48. Kxb6 Re6 49. Rxe6 fxe6 50. Kxa5 h3 $16) (46. g5 $1 $18 Kh7 47. Rd6 Rxh3 48. Kc6) 46... Rc5 $2 {[%emt 0:00:47][%mdl 8192] [#]} ({But not} 46... Rxh3 47. Kc6 $16) (46... Kh6 $11) 47. g5 $1 $18 Rc3 (47... Rc2 $142 48. f5 gxf5 49. Rxh4 Kg6) 48. Rd4 Rc5 $2 (48... Rxh3 49. Kc6 Rb3) 49. f5 $2 ({Only move:} 49. Rd6 $18 Rc3 50. Rxb6 Rxh3 51. Rc6) 49... gxf5 $11 {[%emt 0:00:33] Threatens to win with ...Kg6.} (49... Rxf5 $2 50. Kc6 $18) 50. Rxh4 {[%emt 0:00:00] Rh6 is the strong threat.} Rc3 $2 (50... Re5 $11) 51. Rd4 $2 ({White has to play} 51. Rh6 $18 Rc4 52. Rxb6 Rxa4 53. Rc6) 51... Rc5 $2 (51... Rxh3 52. Kc6 f6 53. gxf6+ Kxf6 54. Kxb6 $18) (51... Re3 $11) 52. h4 $18 Rc3 53. h5 Rc5 54. Rd6 {[%emt 0:00:00] Strongly threatening h6+.} Rc4 55. h6+ Kg8 56. Ke7 {[%emt 0:00:00] White threatens Rd8+ and mate.} Re4+ 57. Kf6 {[%emt 0:00:14] White mates.} Re6+ 58. Rxe6 fxe6 59. g6 f4 60. g7 {[%emt 0:00:11] Weighted Error Value: White=0.55/Black=0.87} 1-0

[Event "15th Arad Open 2022"]
[Site "Arad"]
[Date "2022.08.13"]
[Round "8.1"]
[White "Secheres, Adrian-Simion"]
[Black "Ramoutar, Alan-Safar"]
[Result "1/2-1/2"]
[ECO "D36"]
[WhiteElo "2360"]
[BlackElo "2453"]
[Annotator "TA"]
[PlyCount "47"]
[EventDate "2022.08.08"]
[EventType "swiss"]
[EventCountry "ROU"]
[SourceTitle "playchess.com"]
[Source "ChessBase"]
[SourceQuality "1"]
[TimeControl "5400+30"]

1. d4 d5 2. c4 e6 3. Nc3 c6 4. Nf3 Nf6 5. cxd5 exd5 6. Qc2 Be7 7. Bg5 g6 8. e3 Bf5 9. Qb3 {[%emt 0:02:44] [#] Hoping for Bxf6. D36: Queen's Gambit Declined: Exchange Variation: Main line (5 Bg5 c6 6 Qc2).} Qb6 10. Nd2 Nbd7 11. Be2 {[%emt 0:01:28] The position is equal.} Qxb3 12. Nxb3 {[%emt 0:01:35] [#]} a5 $146 ({Predecessor:} 12... h6 13. Bh4 a5 14. a3 Ne4 15. Nxe4 Bxe4 16. Bxe7 Kxe7 17. O-O Rhe8 18. Rac1 Kd6 {½-½ (56) Spacek,P (2352)-Ernst,M (2199) Mali Losinj 2019}) 13. a4 h6 14. Bh4 O-O (14... g5 $5 15. Bg3 Bb4 $11) 15. f3 Rfe8 (15... g5 $5 16. Bg3 Bb4 $15) 16. Bf2 h5 17. Kd2 Nb6 18. h3 Bb4 19. g4 Be6 20. Kc2 Kg7 21. Bd3 hxg4 22. hxg4 Rh8 23. Bg3 Nfd7 24. Bc7 {[%emt 0:01:58] Weighted Error Value: White=0.05 (flawless) /Black=0.06 (flawless)} 1/2-1/2

[Event "15th Arad Open 2022"]
[Site "Arad"]
[Date "2022.08.13"]
[Round "8.2"]
[White "David, Alexandru-Vasile"]
[Black "Stanciu, Alexandru-Ovidiu"]
[Result "1-0"]
[ECO "C54"]
[WhiteElo "2433"]
[BlackElo "2326"]
[Annotator "RC"]
[PlyCount "91"]
[EventDate "2022.08.08"]
[EventType "swiss"]
[EventCountry "ROU"]
[SourceTitle "playchess.com"]
[Source "ChessBase"]
[SourceQuality "1"]
[TimeControl "5400+30"]

1. e4 e5 2. Nf3 Nc6 3. Bc4 Bc5 4. d3 Nf6 5. Bg5 h6 6. Bh4 d6 7. c3 a5 8. Nbd2 Ba7 9. O-O Qe7 10. Re1 O-O 11. Nf1 Be6 12. Bb5 Kh8 13. d4 g5 14. Bg3 Nxe4 15. Rxe4 f5 16. Re2 f4 17. d5 fxg3 18. hxg3 g4 19. Nh4 Qf7 20. dxe6 Bxf2+ 21. Kh2 Qxe6 22. Bxc6 bxc6 23. Qc2 Bb6 24. Ng6+ Kg7 25. Nxf8 Rxf8 26. Kh1 Rf5 27. Ne3 Rh5+ 28. Kg1 d5 29. c4 d4 30. c5 Ba7 31. Nf1 Qd5 32. Qd3 Bxc5 33. Nd2 Be7 34. Nc4 Rg5 35. Rf1 a4 36. b3 axb3 37. axb3 Bc5 38. Rfe1 Bd6 39. Nxd6 cxd6 40. Rf1 c5 41. Rf5 Rg6 42. Ref2 Qe6 43. Qf1 e4 44. Rf7+ Kg8 45. R2f6 Rxf6 46. Rxf6 1-0

[Event "15th Arad Open 2022"]
[Site "Arad"]
[Date "2022.08.13"]
[Round "8.3"]
[White "Padurean, Daniel-Cristian"]
[Black "Sedlak, Nikola"]
[Result "1/2-1/2"]
[ECO "B10"]
[WhiteElo "2126"]
[BlackElo "2480"]
[Annotator "TA"]
[PlyCount "81"]
[EventDate "2022.08.08"]
[EventType "swiss"]
[EventCountry "ROU"]
[SourceTitle "playchess.com"]
[Source "ChessBase"]
[SourceQuality "1"]
[TimeControl "5400+30"]

1. e4 c6 2. Nf3 d5 3. exd5 cxd5 4. Ne5 e6 5. d4 Bd6 6. c3 {[%emt 0:05:15] B10: Caro-Kann: 2 d3 and 2 c4.} Ne7 7. Bd3 Nbc6 8. f4 O-O 9. O-O (9. Qh5 g6 10. Qe2 f6 11. Nxc6 Nxc6 $15) 9... f6 10. Qh5 Nf5 {[%emt 0:00:23] [#]} 11. g4 $146 {[%emt 0:15:34] aiming for Nxc6.} ({Predecessor:} 11. Ng4 Bd7 12. Ne3 Nce7 13. Nxf5 Nxf5 14. Nd2 Qc7 15. g4 Nh6 16. Nb3 a5 17. a4 {½-½ (39) Hacker,C (2513)-Bross,H (2550) GER email 2007}) 11... fxe5 12. fxe5 {[%emt 0:00:53] [#]} Nxe5 $1 13. dxe5 Bc5+ 14. Kh1 Qh4 (14... g6 {is interesting.} 15. Qh3 Nh4 16. Bh6 Rxf1+ 17. Qxf1 Bd7) 15. Qxh4 Nxh4 16. Rxf8+ Bxf8 17. Nd2 {[%emt 0:14:48] Against Nf3} (17. Bf4 $1 $11) 17... g5 $15 18. Nb3 {[%emt 0:03:17] [#]} Nf3 (18... h6 $1 $17 19. Nd4 Bg7) 19. Be2 $11 {[%emt 0:01:06] The position is equal.} Nxe5 20. Bxg5 Bd7 21. Bf6 Bg7 22. Bxe5 Bxe5 23. Nc5 Bc6 {[%emt 0:09:24] A strong pair of Bishops.} 24. Bf3 Kf7 25. Re1 Bf6 26. Nxe6 ({But not} 26. Rxe6 Be7 27. Rxe7+ Kxe7 $17) 26... Re8 27. g5 Rxe6 28. Bh5+ Ke7 $1 29. gxf6+ Kxf6 {[%emt 0:00:05][%mdl 4096] Endgame KRB-KRB} 30. Rf1+ Ke5 {[%emt 0:02:53] Threatens to win with ...d4+.} 31. Kg1 Kd6 32. Bf3 a5 33. Rd1 Kc5 34. Kf2 b5 35. a3 Rh6 36. Kg3 Kc4 37. Rd2 Rg6+ 38. Kf2 Rf6 {[%emt 0:00:06][%cal Od5d4] White must now prevent ...d4!} 39. Kg3 Rd6 40. Kf2 Rf6 {[%emt 0:00:00][%cal Od5d4] Strongly threatening ...d4!} 41. Kg3 {[%emt 0:00:00] Weighted Error Value: White=0.06 (flawless) /Black=0.07 (flawless)} 1/2-1/2